 Dungeon Crawl Stone Soup version 0.31.0-9-g3a7656b989 (webtiles) character file.

Game seed: 5485510990773787714

226 qw the Ducker (level 5, -3/25 HPs)
             Began as a Spriggan Hunter on Feb 2, 2024.
             Killed from afar by Natasha (10 damage)
             ... with a magic dart
             ... on level 2 of the Dungeon.
             The game lasted 00:00:03 (995 turns).

qw the Ducker (Spriggan Hunter)                      Turns: 995, Time: 00:00:03

Health: -3/25      AC:  2    Str:  7    XL:     5   Next: 69%
Magic:  6/6        EV: 22    Int: 11    God:
Gold:   119        SH:  0    Dex: 20    Spells: 4/4 levels left

rFire   . . .        a - +0 shortbow
rCold   . . .        (shield currently unavailable)
rNeg    . . .        c - +0 robe
rPois   .            (helmet restricted)
rElec   .            (no cloak)
rCorr   .            (gloves unavailable)
SInv    +            (boots unavailable)
Will    .....        (no amulet)
Stlth   ++           (no ring)
HPRegen 0.24/turn    (no ring)
MPRegen 0.10/turn

%: no passive effects
@: very quick
A: very small, no large weapons, unfitting armour, see invisible, speed 3
a: no special abilities


You were on level 2 of the Dungeon.
You visited 1 branch of the dungeon, and saw 2 of its levels.

You collected 119 gold pieces.


Innate Abilities, Weirdness & Mutations

You are very small and have problems with some larger weapons.
You are too small for most types of armour.
You have supernaturally acute eyesight. (SInv)
You cover ground extremely quickly. (Speed+++)


   Skills:
 + Level 1.5 Fighting
 - Level 5.1 Ranged Weapons
 - Level 6.8 Dodging
 - Level 1.5 Stealth


You had 4 spell levels left.
You didn't know any spells.
Your spell library was empty.

Inventory:

Hand Weapons
 a - a +0 shortbow (weapon)
Armour
 c - a +0 robe (worn)
Scrolls
 b - 2 scrolls of poison {unknown}
Potions
 f - 2 potions of heal wounds

Dungeon Overview and Level Annotations

Branches:
Dungeon (2/15)

Altars:

Annotations:
D:2 Natasha


Message History

You shoot an arrow. The arrow hits Sigmund.
Sigmund is heavily wounded.
Sigmund hits you from afar with a +0 scythe!
Ouch! That really hurt!
You shoot an arrow. The arrow hits Sigmund!
Sigmund is severely wounded.
Sigmund closely misses you.
You shoot an arrow. The arrow hits Sigmund!
You kill Sigmund!
Your Dodging skill gained 2 levels and is now at level 6!
You have reached level 4!
You have reached level 5!
You feel clever.
982 ||| FLEEEEING.
983 ||| FLEEEEING.
984 ||| FLEEEEING.
985 ||| FLEEEEING.
986 ||| FLEEEEING.
987 ||| FLEEEEING.
988 ||| FLEEEEING.
989 ||| FLEEEEING.
990 ||| FLEEEEING.
Natasha, Servant of Life and Death comes into view.
Natasha moves out of view.
991 ||| FLEEEEING.
You shoot an arrow. The arrow barely misses Natasha.
Natasha hisses angrily.
Natasha howls an incantation.
You feel disoriented.
You shoot an arrow. The arrow hits Natasha!
Natasha is severely wounded.
You shoot an arrow. The arrow hits Natasha.
Natasha is almost dead.
Natasha mumbles some strange words.
You shoot an arrow. The arrow closely misses Natasha.
The arrow barely misses the cerulean imp.
Natasha casts a spell at you. The magic dart hits you!
Natasha stares at you and mumbles some strange words.
The magic dart hits you!
You die...
Natasha begins licking her fur clean.

#...%....##+##
#.............
#####.............
#.....#######.....
#.....#....####'#.
#..g..#....'....#.
#.....#....######.
#..###...#.....##.
#@.......#.....##.
#........#.....##.
#.....#+##.....##.
#.....#........##.
#..#h..........##.
#..#5..........##.
#..<..............
##.#..#+#...##....
#.....#.#...##....


You could see Natasha, a cerulean imp (summoned) and a goblin.

Vanquished Creatures
  Sigmund (D:2)
  Natasha (D:2)
  An adder (D:2)
  2 dart slugs (D:1)
  3 endoplasms (D:1)
  A giant cockroach (D:1)
  3 goblins
  3 hobgoblins (D:1)
  A quokka (D:1)
  2 ball pythons (D:1)
  2 bats (D:1)
  5 kobolds (D:1)
  2 rats (D:1)
27 creatures vanquished.

Notes
Turn   | Place    | Note
-------+----------+-------------------------------------------
     0 | D:1      | qw the Spriggan Hunter began the quest for the Orb.
     0 | D:1      | Reached XP level 1. HP: 10/10 MP: 2/2
     0 | D:1      | 0 ||| qw: Version: 0.3-a-155-g5e7d8dd
     0 | D:1      | 0 ||| qw: Game counter: 261
     0 | D:1      | 0 ||| qw: Melee chars always use a shield: true
     0 | D:1      | 0 ||| qw: God list: Okawaru
     0 | D:1      | 0 ||| qw: Allow faded altars: false
     0 | D:1      | 0 ||| qw: Do Orc after clearing Dungeon:15 true
     0 | D:1      | 0 ||| qw: Do second Lair branch before Depths: true
     0 | D:1      | 0 ||| qw: Lair rune preference: random
     0 | D:1      | 0 ||| qw: Goals: Normal
     0 | D:1      | 0 ||| PLANNING D:1-11
    37 | D:1      | Reached skill level 3 in Dodging
   141 | D:1      | Reached XP level 2. HP: 14/14 MP: 3/3
   158 | D:1      | Reached skill level 4 in Dodging
   633 | D:1      | 633 ||| READING 2 scrolls labelled HIDOUNAFIM.
   633 | D:1      | 633 ||| IDENTIFYING clear potion
   634 | D:1      | 634 ||| READING scroll of identify.
   634 | D:1      | 634 ||| IDENTIFYING 2 emerald potions
   635 | D:1      | 635 ||| READING scroll labelled GANOSO ZUWICO.
   636 | D:1      | 636 ||| READING scroll labelled TAITUTWERINE.
   737 | D:1      | 737 ||| READING scroll labelled ESHIOM DOFIEJ.
   738 | D:1      | 738 ||| DROPPING scroll of butterflies.
   826 | D:2      | Reached XP level 3. HP: 12/18 MP: 4/4
   963 | D:2      | Noticed Natasha
   967 | D:2      | Killed Natasha
   972 | D:2      | Noticed Sigmund
   977 | D:2      | 977 ||| DRINKING potion of curing.
   977 | D:2      | 977 ||| (to cure confusion)
   981 | D:2      | Killed Sigmund
   982 | D:2      | Reached skill level 6 in Dodging
   982 | D:2      | Reached XP level 4. HP: 11/22 MP: 5/5
   982 | D:2      | Reached XP level 5. HP: 12/25 MP: 6/6
   982 | D:2      | 982 ||| FLEEEEING.
   983 | D:2      | 983 ||| FLEEEEING.
   984 | D:2      | 984 ||| FLEEEEING.
   985 | D:2      | 985 ||| FLEEEEING.
   986 | D:2      | 986 ||| FLEEEEING.
   987 | D:2      | 987 ||| FLEEEEING.
   988 | D:2      | 988 ||| FLEEEEING.
   989 | D:2      | 989 ||| FLEEEEING.
   990 | D:2      | 990 ||| FLEEEEING.
   990 | D:2      | Noticed Natasha
   991 | D:2      | 991 ||| FLEEEEING.
   995 | D:2      | Killed from afar by Natasha

Levels and vault maps discovered:
D:1:      minmay_arrival_diagonal_passages, layout_loops_ring, st_stairs_11
D:2:      layout_basic, serial_park_tiny_pond, chequers_avenue, uniq_sigmund,
          uniq_natasha

Skill      XL: |  1  2  3 |
---------------+----------+-----
Dodging        | 3 4 6 |  6.8
Ranged Weapons | 5 |  5.1
Fighting       | |  1.5
Stealth        | |  1.5

Action                     |  1- 3 |  4- 6 || total
---------------------------+-------+-------++-------
   Fire: Shortbow          |    81 |     4 ||    85
    Use: Scroll            |     5 |       ||     5
         Potion            |     1 |       ||     1
 Armour: Robe              |     8 |     2 ||    10
  Dodge: Dodged            |    16 |       ||    16

Table legend:
 A = Non-vault XP
 B = Vault XP
 C = Vault XP percentage of total XP
 D = Non-vault monster count
 E = Vault monster count
 F = Vault count percentage of total count
                 A         B        C        D         E       F
            +---------+---------+-------+---------+---------+-------
      Total |      50 |     274 |  84.6 |      21 |       6 |  22.2
            +---------+---------+-------+---------+---------+-------
        D:1 |      33 |       7 |  17.5 |      18 |       4 |  18.2
        D:2 |      17 |     267 |  94.0 |       3 |       2 |  40.0
            +---------+---------+-------+---------+---------+-------
